 Dungeon Crawl Stone Soup version 0.24.0-13-gcf9b319 (webtiles) character file.

Game seed: 16843059289185366971, levelgen mode: deterministic

1954 Firecrotchwizard the Thaumaturge (level 8, -1/41 HPs)
             Began as a Deep Elf Fire Elementalist on Feb 17, 2020.
             Was a Believer of Vehumet.
             Slain by Eustachio
             ... wielding a +2 morningstar of crushing
              (12 damage)
             ... on level 6 of the Dungeon.
             The game lasted 00:17:10 (8780 turns).

Firecrotchwizard the Thaumaturge (DEFE)             Turns: 8780, Time: 00:17:11

Health: -1/41      AC:  3    Str:  5    XL:     8   Next: 99%
Magic:  14/23      EV: 13    Int: 23    God:    Vehumet [**....]
Gold:   389        SH:  0    Dex: 15    Spells: 10/25 levels left

rFire    . . .     SeeInvis .   i - +3 whip (elec)
rCold    . . .     Gourm    .   (no shield)
rNeg     . . .     Faith    .   a - +0 robe
rPois    .         Spirit   .   h - +0 helmet
rElec    .         Reflect  .   (no cloak)
rCorr    .         Harm     .   (no gloves)
MR       .....                  (no boots)
Stlth    ++........             (no amulet)
HPRegen  0.13/turn              (no ring)
MPRegen  0.18/turn              (no ring)

@: no status effects
A: no striking features
a: Renounce Religion


You were on level 6 of the Dungeon.
You worshipped Vehumet.
Vehumet was pleased with you.
You were hungry.

You visited 1 branch of the dungeon, and saw 6 of its levels.
You also visited: Ossuary.

You collected 389 gold pieces.

Inventory:

Hand Weapons
 e - a +0 club
   (You took it off a hobgoblin on level 1 of the Dungeon)
 i - a +3 whip of electrocution (weapon)
   (You took it off an orc on level 3 of the Dungeon)
 o - a +0 spear
   (You found it on level 3 of the Dungeon)
Missiles
 g - 30 poisoned darts
Armour
 a - a +0 robe (worn)
 h - a +0 helmet (worn)
   (You found it on level 4 of the Dungeon)
Jewellery
 d - an uncursed amulet of rage {+Rage, !d}
   (You found it on level 4 of the Dungeon)
 q - an uncursed amulet of the gourmand {Gourm, !d}
   (You found it on level 4 of the Dungeon)
 t - an uncursed ring of ice {rC+, rF-}
   (You found it on level 6 of the Dungeon)
 A - a +2 amulet of reflection {unknown}
   (You found it on level 6 of the Dungeon)
Wands
 z - a wand of iceblast (12)
   (You found it in an ossuary)
Scrolls
 b - 3 scrolls of remove curse
 k - a scroll of amnesia
 l - 3 scrolls of teleportation
 s - a scroll of noise {unknown}
 v - 2 scrolls of fear {unknown}
 y - 4 scrolls of identify
Potions
 f - a potion of curing {unknown}
 j - 2 potions of heal wounds
 m - a potion of berserk rage {unknown}
 n - a potion of agility {unknown}
 p - 4 potions of degeneration {unknown}
 r - 2 potions of invisibility
 u - a potion of haste {unknown}
 w - 2 potions of mutation {unknown}
 x - a potion of might {unknown}
Comestibles
 c - 9 rations


   Skills:
 - Level 2.4 Dodging
 - Level 2.4 Stealth
 + Level 9.1 Spellcasting
 + Level 7.8 Conjurations
 + Level 7.9 Fire Magic


You had 10 spell levels left.
You knew the following spells:

 Your Spells              Type           Power        Failure   Level  Hunger
a - Flame Tongue          Conj/Fire      #####        1%          1    None
b - Blink                 Tloc           N/A          10%         2    None
c - Conjure Flame         Conj/Fire      #####...     1%          3    None
f - Fireball              Conj/Fire      #####.....   7%          5    ####...
s - Sticky Flame          Conj/Fire      #####...     2%          4    ##.....

Your spell library contained the following spells:

 Spells                   Type           Power        Failure   Level  Hunger
 Shock                    Conj/Air       ####         1%          1    None
 Magic Dart               Conj           ####         1%          1    None
 Searing Ray              Conj           #####.       1%          2    None
 Throw Flame              Conj/Fire      #####.       1%          2    None
 Iskenderun's Mystic Bla  Conj           #####...     2%          4    ##.....
 Dazzling Spray           Conj/Hex       ####..       3%          3    None
 Inner Flame              Hex/Fire       ####....     3%          3    None
 Apportation              Tloc           ##....       6%          1    None
 Ignite Poison            Fire/Tmut/Pois ###.....     6%          3    None
 Shroud of Golubria       Chrm/Tloc      ##....       10%         2    None
 Force Lance              Conj/Tloc      ####....     12%         4    ##.....
 Fulminant Prism          Conj/Hex       ####......   12%         4    ##.....


Dungeon Overview and Level Annotations

Branches:
Dungeon (6/15)             Temple (0/1) D:5         Ossuary (visited)

Altars:
Dithmenos
Fedhas
Hepliaklqana
Sif Muna
Trog
Vehumet
Zin
The Shining One

Annotations:
D:6 3 runed translucent doors, exclusion: oklob plant, Eustachio; weregild's ghost, amateur MfGl


Message History

You hear a shout!
An orc comes into view. It is wielding a +0 dagger.
You regained 3 hp, and now have 37/41 hp.
You regained 4 mp, and now have 18/23 mp.
Unknown command.
You can't see any susceptible monsters within range! (Use Z to cast anyway.) Unknown command.
You can't see any susceptible monsters within range! (Use Z to cast anyway.) Unknown command.
You don't know that spell.
You start resting.
An orc comes into view. It is wielding a +0 mace.
An orc is nearby!
Unknown command.
You are feeling hungry.
The orc shouts!
You hit the orc. Lightning courses through the orc!
You kill the orc!
Vehumet accepts your kill.
You hear a shout! x2
Eustachio mumbles some strange words.
Things that are here:
a +0 mace; a +0 chain mail You hit the quokka.
An orc comes into view. It is wielding a +0 club.
The quokka barely misses you.
The orc shouts!
You hit the quokka. Lightning courses through the quokka!
You kill the quokka!
The quokka's corpse disappears in a puff of smoke!
You hear a shout!
Eustachio barely misses you.
You completely miss Eustachio.
Eustachio hits you with a +2 morningstar of crushing.
The orc hits you but does no damage.
You take 8 damage, and have 31/41 hp.
You barely miss Eustachio.
Eustachio hits you with a +2 morningstar of crushing.
The orc hits you with a +0 club.
You take 5 damage, and have 26/41 hp.
Unknown command.
An orc wizard comes into view. It is wielding a +0 dagger.
Eustachio mumbles some strange words.
Eustachio blinks!
Things that are here:
a +0 mace; a +0 chain mail The orc wizard gestures wildly while chanting.
The orc wizard seems to speed up.
You barely miss the orc. The orc hits you with a +0 club.
You take 3 damage, and have 23/41 hp.
You hit the orc but do no damage. Lightning courses through the orc!
You kill the orc!
Vehumet accepts your kill.
You feel your power returning.
You closely miss the orc.
The orc wizard looks encouraged for a moment.
The orc hits you but does no damage.
MP restored: 23 You hit the orc.
The orc wizard casts a spell.
The orc wizard flickers and vanishes!
Deactivating autopickup; reactivate with Ctrl-A.
Eustachio casts a spell.
The orc hits you but does no damage.
You barely miss the orc.
The orc hits you with a cursed +0 dagger.
You take 3 damage, and have 20/41 hp.
You closely miss the orc. The orc barely misses you.
You hit the orc.
You kill the orc!
Vehumet accepts your kill. Something hits you.
You take 2 damage, and have 18/41 hp.
You miss something. Something hits you. x2
* * * LOW HITPOINT WARNING * * *
You take 7 damage, and have 11/41 hp.
Unknown command.
Aim: Eustachio, wielding a +2 morningstar of crushing and wearing a +0 leather armour The flame tongue hits something!
Something hits you.
* * * LOW HITPOINT WARNING * * *
You now have 22/23 mp.
You can't see any susceptible monsters within range! (Use Z to cast anyway.) Unknown command.
The sticky flame hits something.
The orc wizard is covered in liquid flames!
The orc wizard burns!
You kill the orc wizard!
Vehumet accepts your kill.
You feel your power returning.
Reactivating autopickup.
You now have 19/23 mp.
You don't know that spell.
Aim: Eustachio, wielding a +2 morningstar of crushing and wearing a +0 leather armour The sticky flame hits Eustachio.
Eustachio is covered in liquid flames!
Eustachio burns!
You now have 15/23 mp.
Aim: Eustachio, wielding a +2 morningstar of crushing and wearing a +0 leather armour (moderately wounded, covered in liquid flames)
The flame tongue hits Eustachio!
Eustachio burns!
Eustachio hits you with a +2 morningstar of crushing!
You die...

.#######.......
.†..........P..
.<.....##..P_P. #.###.##
..P.. #.# #.# .... #.###.#
###.##### ......#######
....##
#.###.....<.#######..#####
#.#......##..)..@@rr.....#
#.#......############....#
.........# ....##
#.#......# ......#
.........# .....?..#
###......... o........#
###......### ..........#
........... ....p....@.#
############


You could see Eustachio (burning), a river rat and a rat.

Vanquished Creatures
  Pikel (D:6)
  Sigmund (D:3)
  A phantom (D:4)
  Purgy (D:3)
  A slave (D:6)
  A centaur (D:5)
  3 elf zombies (Ossuary)
  A bullfrog (D:4)
  A scorpion (D:6)
  A crimson imp (D:6)
  A jelly (D:6)
  2 human zombies (Ossuary)
  7 orc wizards
  A bullfrog skeleton (D:5)
  Jessica (D:2)
  4 worker ants
  A big kobold zombie (Ossuary)
  3 hound zombies (Ossuary)
  A hound skeleton (D:5)
  4 mummies (Ossuary)
  3 gnolls (D:4)
  5 adders
  An ooze (D:1)
  3 worms
  3 dart slugs (D:1)
  3 leopard geckos
  12 orcs
  12 giant cockroaches
  6 goblins
  7 hobgoblins
  2 quokkas
  4 ball pythons (D:5)
  9 bats
  9 frilled lizards
  A giant cockroach zombie (D:5)
  A hobgoblin zombie (Ossuary)
  A jackal zombie (Ossuary)
  8 kobolds
  A kobold zombie (Ossuary)
  A leopard gecko skeleton (D:4)
  3 rats
132 creatures vanquished.

Vanquished Creatures (others)
  An orc (D:6)
1 creature vanquished.

Grand Total: 133 creatures vanquished

Notes
Turn   | Place    | Note
-------+----------+-------------------------------------------
     0 | D:1      | Firecrotchwizard the Deep Elf Fire Elementalist began the
                  | quest for the Orb.
     0 | D:1      | Reached XP level 1. HP: 10/10 MP: 6/6
   184 | D:1      | Reached XP level 2. HP: 15/15 MP: 6/8
   210 | D:1      | Reached skill level 2 in Conjurations
   544 | D:1      | You fall into a shaft and drop 1 floor!
   556 | D:2      | Reached XP level 3. HP: 19/19 MP: 3/10
  1175 | D:1      | Learned a level 3 spell: Conjure Flame
  1356 | D:2      | Noticed Jessica
  1372 | D:2      | Killed Jessica
  1372 | D:2      | Reached skill level 4 in Spellcasting
  1372 | D:2      | Reached skill level 3 in Conjurations
  1372 | D:2      | Reached XP level 4. HP: 9/24 MP: 7/12
  1633 | D:2      | Reached skill level 4 in Fire Magic
  1842 | D:2      | Found a hazy altar of Hepliaklqana.
  1938 | D:2      | Found a glowing silver altar of Zin.
  1939 | D:2      | Found a radiant altar of Vehumet.
  1941 | D:2      | Found a shimmering blue altar of Sif Muna.
  1943 | D:2      | Found a blossoming altar of Fedhas.
  1950 | D:2      | Became a worshipper of Vehumet
  3226 | D:3      | Noticed Purgy
  3234 | D:3      | Killed Purgy
  3234 | D:3      | Reached skill level 4 in Conjurations
  3234 | D:3      | Reached XP level 5. HP: 28/28 MP: 3/14
  3422 | D:3      | Reached * piety under Vehumet
  3422 | D:3      | Offered knowledge of Sting by Vehumet.
  3431 | D:3      | Learned a level 4 spell: Sticky Flame
  3437 | D:3      | Learned a level 5 spell: Fireball
  3521 | D:3      | Noticed Sigmund
  3560 | D:3      | Killed Sigmund
  3560 | D:3      | Reached skill level 5 in Spellcasting
  3560 | D:3      | Reached skill level 5 in Conjurations
  3560 | D:3      | Reached skill level 5 in Fire Magic
  3560 | D:3      | Reached XP level 6. HP: 13/32 MP: 5/16
  3854 | D:3      | Found a blossoming altar of Fedhas.
  4382 | D:4      | Reached XP level 7. HP: 36/36 MP: 17/17
  4389 | D:4      | Reached skill level 6 in Spellcasting
  4398 | D:4      | HP: 7/36 [orc wizard/puff of flame (8)]
  4524 | D:4      | Found a bloodstained altar of Trog.
  4524 | D:4      | Found a shadowy altar of Dithmenos.
  4840 | D:4      | Reached skill level 6 in Fire Magic
  4844 | D:4      | Identified the Disquisition on Displaced Envenoming
  4943 | D:4      | Learned a level 2 spell: Blink
  5001 | D:4      | Reached skill level 6 in Conjurations
  5768 | D:5      | Entered Level 5 of the Dungeon
  6015 | D:5      | Reached skill level 7 in Spellcasting
  6741 | D:5      | Found a staircase to the Ecumenical Temple.
  7340 | D:6      | Reached XP level 8. HP: 33/41 MP: 12/20
  7398 | D:6      | Found a glowing golden altar of the Shining One.
  7398 | D:6      | Noticed an oklob plant
  7569 | D:6      | Found a runed translucent gate.
  7569 | D:6      | Found a runed translucent gate.
  7571 | D:6      | Found a runed translucent gate.
  7573 | D:6      | Noticed weregild's ghost (amateur MfGl)
  7669 | D:6      | HP: 10/41 [crimson imp (3)]
  7936 | D:6      | Found a sand-covered staircase.
  7942 | Ossuary  | Entered an ossuary
  7976 | Ossuary  | Reached ** piety under Vehumet
  7980 | Ossuary  | Offered knowledge of Shock by Vehumet.
  7983 | Ossuary  | HP: 10/41 [hound zombie (4)]
  8014 | Ossuary  | HP: 9/41 [human zombie (7)]
  8068 | Ossuary  | Reached skill level 7 in Fire Magic
  8072 | Ossuary  | Reached skill level 8 in Spellcasting
  8072 | Ossuary  | Reached skill level 7 in Conjurations
  8371 | D:6      | HP: 8/41 [slave[Pikel] (9)]
  8392 | D:6      | Noticed Pikel
  8672 | D:6      | Noticed Eustachio
  8730 | D:6      | Killed Pikel
  8730 | D:6      | Reached skill level 9 in Spellcasting
  8780 | D:6      | Slain by Eustachio

Levels and vault maps discovered:
D:1:      dpeg_arrival_simpleton_b, layout_rooms, nrook_loot_triangle
D:2:      layout_loops_cross, minitemple, first_ration, uniq_jessica
D:3:      layout_basic, fedhas_altar_4, uniq_sigmund, uniq_purgy
D:4:      layout_basic, chequers_temple_overflow_statue_of_worship,
          minmay_a_box_with_orc_wizards_in_it
D:5:      layout_basic, minmay_temple_entry_hall
D:6:      corexii_shack_village, layout_rooms, gammafunk_ghost_split,
          enter_ossuary_2, lemuel_oklob_altar, uniq_pikel, uniq_eustachio

Skill      XL: |  1  2  3  4  5  6  7  8 |
---------------+-------------------------+-----
Conjurations   | 2 3 4 5 6 7 |  7.8
Spellcasting   | 4 5 7 9 |  9.1
Fire Magic     | 4 5 6 7 |  7.9
Dodging        | |  2.4
Stealth        | |  2.4

Action                   |  1- 3 |  4- 6 |  7- 9 || total
-------------------------+-------+-------+-------++-------
Melee: Club              |     4 |    11 |       ||    15
       Spear             |       |    26 |       ||    26
       Whip              |       |    40 |   214 ||   254
 Cast: Flame Tongue      |    61 |    69 |    52 ||   182
       Conjure Flame     |       |     1 |     1 ||     2
       Sticky Flame      |       |     2 |    13 ||    15
       Fireball          |       |       |     2 ||     2
  Use: Scroll            |       |     6 |     6 ||    12
       Potion            |       |       |     4 ||     4
 Stab: Sleeping          |     1 |     5 |     5 ||    11
  Eat: Chunk             |     1 |    10 |     8 ||    19
       Ration            |       |       |     2 ||     2
Armor: Robe              |     5 |    11 |    33 ||    49
Dodge: Dodged            |    17 |    77 |   146 ||   240

Levels and vault maps discovered:
D:1:      dpeg_arrival_simpleton_b, layout_rooms, nrook_loot_triangle
D:2:      layout_loops_cross, minitemple, first_ration, uniq_jessica
D:3:      layout_basic, fedhas_altar_4, uniq_sigmund, uniq_purgy
D:4:      layout_basic, chequers_temple_overflow_statue_of_worship,
          minmay_a_box_with_orc_wizards_in_it
D:5:      layout_basic, minmay_temple_entry_hall
D:6:      corexii_shack_village, layout_rooms, gammafunk_ghost_split,
          enter_ossuary_2, lemuel_oklob_altar, uniq_pikel, uniq_eustachio

Table legend:
 A = Turns spent in this place as a percentage of turns spent in the entire game.
 B = Non-inter-level travel turns spent in this place as a percentage of non-inter-level travel turns spent in the entire game.
 C = Inter-level travel turns spent in this place as a percentage of turns spent in this place.
 D = Turns resting spent in this place as a percentage of non-inter-level travel turns spent in this place.
 E = Turns spent auto-exploring this place as a percentage of non-inter-level travel turns spent in this place.
 F = Non-inter-level travel turns spent in this place divided by the number of levels of this place that you've seen.
                   A       B       C       D       E      F
               +-------+-------+-------+-------+-------+----------------------
         Total | 100.0 | 100.0 |   3.0 |  46.5 |  39.0 | 1216.3
       Dungeon |  95.2 |  95.1 |   3.2 |  46.7 |  40.0 | 1349.0
       Ossuary |   4.8 |   4.9 |   0.0 |  42.6 |  18.3 | 420.0
               +-------+-------+-------+-------+-------+----------------------

Table legend:
 A = Kills in this place as a percentage of kills in entire the game.
 B = Kills by you in this place as a percentage of kills by you in the entire game.
 C = Kills by friends in this place as a percentage of kills by friends in the entire game.
 D = Other kills in this place as a percentage of other kills in the entire game.
 E = Experience gained in this place as a percentage of experience gained in the entire game.
 F = Experience gained in this place divided by the number of levels of this place that you have seen.
                   A       B       C       D       E      F
               +-------+-------+-------+-------+-------+----------------------
         Total | 100.0 | 100.0 |   N/A |   N/A | 100.0 | 398.9
       Dungeon |  87.8 |  87.8 |   N/A |   N/A |  81.1 | 377.5
       Ossuary |  12.2 |  12.2 |   N/A |   N/A |  18.9 | 527.0
               +-------+-------+-------+-------+-------+----------------------
